 Dungeon Crawl Stone Soup version 0.26-a0-683-g5206c1d7ac (webtiles) character file.

Game seed: 7550746864158294631

849760 Pyrtan the Slayer (level 27, -1/224 HPs)
             Began as a Gargoyle Earth Elementalist on Oct 21, 2020.
             Was the Champion of Vehumet.
             Killed from afar by a Brimstone Fiend (33 damage)
             ... with damnation
             ... on level 27 of a ziggurat on Oct 22, 2020.
             The game lasted 04:11:07 (83607 turns).

Pyrtan the Slayer (Gargoyle Earth Elementalist)    Turns: 83607, Time: 04:11:09

Health: -1/224     AC: 52    Str: 18    XL:     27
Magic:  49/49      EV: 23    Int: 47    God:    Vehumet [******]
Gold:   6470       SH:  0    Dex: 16    Spells: 6/71 levels left

rFire    + + .     SeeInvis +   a - +18 lance "Wyrmbane" {slay drac, rPois rF+ rC+ AC+3}
rCold    + . .     Faith    .   (no shield)
rNeg     + . .     Spirit   .   D - +2 leather armour of the Arcane {Int+4 Slay+3}
rPois    ∞         Reflect  .   P - +0 helmet of Insurance {*Drain Int+10 Slay+6 Stlth-}
rElec    +         Harm     .   V - +2 cloak {MR+}
rCorr    .         Rampage  .   Q - +2 pair of gloves {Str+3}
MR       +++..     Clarity  +   b - +2 pair of boots
Stlth    +.........             C - amulet of the Gastropod {Acrobat Int+7 SInv}
HPRegen  0.47/turn              w - ring of Robustness {AC+8}
MPRegen  0.31/turn              y - ring "Siesaz" {Dex+6 Slay+6}

@: flying, studying 2 skills
A: big wings, rugged brown scales 2, slimy green scales 1, clarity, fire
resistance 1, negative energy resistance 1, robust 1, electricity resistance,
unbreathing, petrification resistance, rot immunity, AC +20
}: 4/15 runes: decaying, serpentine, slimy, silver
a: Stop Flying, Renounce Religion


You were on level 27 of a ziggurat.
You worshipped Vehumet.
Vehumet was exalted by your worship.
You visited 11 branches of the dungeon, and saw 53 of its levels.
You visited the Abyss 1 time.
You visited 1 bazaar.
You visited 1 ziggurat, and saw 27 of its levels.
You also visited: Volcano.

You collected 10791 gold pieces.
You spent 4321 gold pieces at shops.

Inventory:

Hand Weapons
 a - the +18 lance "Wyrmbane" (weapon) {slay drac, rPois rF+ rC+ AC+3}
   (You bought it in a shop on level 8 of the Dungeon)

   It affects your AC (+3).
   It protects you from fire.
   It protects you from cold.
   It protects you from poison.
Missiles
 l - 4 throwing nets (quivered)
Armour
 b - a +2 pair of boots (worn)
 D - the +2 leather armour of the Arcane (worn) {Int+4 Slay+3}
   (You found it on level 1 of the Depths)

   It affects your intelligence (+4).
   It affects your accuracy and damage with ranged weapons and melee attacks
   (+3).
 P - the +0 helmet of Insurance (worn) {*Drain Int+10 Slay+6 Stlth-}
   (You found it on level 5 of the Pits of Slime)

   It affects your intelligence (+10).
   It affects your accuracy and damage with ranged weapons and melee attacks
   (+6).
   It causes draining when unequipped.
   It makes you less stealthy.
 Q - a +2 pair of gloves of strength (worn)
 V - a +2 cloak of magic resistance (worn)
Jewellery
 h - the ring "Oshahac" {Wiz MR+ Int+2 Dex+7}
   (You found it on level 24 of a ziggurat)

   [ring of wizardry]

   It improves your spell success rate.
   It affects your intelligence (+2).
   It affects your dexterity (+7).
   It affects your resistance to hostile enchantments.
 n - the amulet of Vitality {Regen+ HP+15}
   (You found it on level 15 of a ziggurat)

   [amulet of regeneration]

   It affects your health (+15).
   It increases your rate of regeneration.
 v - the ring "Jenitsom" {+Blink EV+4}
   (You took it off a tengu reaver on level 5 of the Vaults)

   [ring of evasion]

   It affects your evasion (+4).
   It lets you blink.
 w - the ring of Robustness (left hand) {AC+8}
   (You found it on level 18 of a ziggurat)

   [ring of protection]

   It affects your AC (+8).
 y - the ring "Siesaz" (right hand) {Dex+6 Slay+6}
   (You found it on level 5 of a ziggurat)

   [ring of dexterity]

   It affects your dexterity (+6).
   It affects your accuracy and damage with ranged weapons and melee attacks
   (+6).
 A - the ring "Luamn" {rF+ rCorr Str+2 Dex+4}
   (You found it on level 5 of the Vaults)

   [ring of resist corrosion]

   It affects your strength (+2).
   It affects your dexterity (+4).
   It protects you from fire.
   It provides partial protection from all sources of acid and corrosion.
 C - the amulet of the Gastropod (around neck) {Acrobat Int+7 SInv}
   (You took it off a yaktaur on level 1 of the Depths)

   [amulet of the acrobat]

   It helps you evade while moving and waiting.
   It affects your intelligence (+7).
   It lets you see invisible.
 L - a +4 ring of protection
 W - the ring of Shadows {Umbra +Inv Stlth+}
   (You found it on level 25 of a ziggurat)

   [ring of stealth]

   It lets you turn invisible.
   It makes you more stealthy.
Wands
 o - a wand of digging (18)
 s - a wand of iceblast (74)
 G - a wand of paralysis (27)
 I - a wand of disintegration (82)
 N - a wand of polymorph (36)
 S - a wand of acid (17)
Scrolls
 d - 18 scrolls of enchant weapon
 e - 10 scrolls of amnesia
 g - 43 scrolls of teleportation
 j - 33 scrolls of remove curse
 m - 17 scrolls of blinking
 q - a scroll of summoning
 r - 12 scrolls of magic mapping
 B - 8 scrolls of holy word
 K - 22 scrolls of identify
 M - 9 scrolls of enchant armour
 O - 20 scrolls of fog
Potions
 c - 9 potions of berserk rage
 f - 10 potions of brilliance
 i - 7 potions of haste
 k - 18 potions of mutation
 p - 10 potions of stabbing
 t - 10 potions of invisibility
 x - 5 potions of ambrosia
 z - 28 potions of curing
 E - a potion of cancellation
 T - a potion of resistance
 U - 3 potions of might
 Y - 2 potions of heal wounds
Books
 F - a manual of Summonings
 H - a manual of Air Magic
Miscellaneous
 u - a phantom mirror
 J - a box of beasts (3/3)
 X - a condenser vane (2/2)
 Z - a tin of tremorstones (3/3)


   Skills:
 + Level 25.9 Fighting
   Level 3.6 Maces & Flails
 - Level 12.0 Polearms
 - Level 6.0 Armour
 - Level 15.3 Dodging
 - Level 2.1 Stealth
 + Level 22.9 Spellcasting
 + Level 23.6 Conjurations
 - Level 7.3 Hexes
 - Level 15.0 Necromancy
 - Level 10.0 Transmutations
 - Level 22.0 Fire Magic
 + Level 14.8 Ice Magic
 - Level 22.6 Earth Magic
 - Level 10.0 Evocations


You had 6 spell levels left.
You knew the following spells:

 Your Spells              Type           Power        Failure   Level
a - Shatter               Erth           ########..   1%          9
b - Stone Arrow           Conj/Erth      ######       0%          3
c - Lee's Rapid Deconstr  Erth           ########..   0%          5
d - Lehudib's Crystal Sp  Conj/Erth      ########..   1%          8
e - Fire Storm            Conj/Fire      ########..   1%          9
f - Absolute Zero         Ice            ########..   21%         9
g - Ignition              Fire           ########..   1%          8
h - Invisibility          Hex            #######.     2%          6
i - Necromutation         Tmut/Necr      ########..   13%         8

Your spell library contained the following spells:

 Spells                   Type           Power        Failure   Level
 Animate Skeleton         Necr           ######       0%          1
 Beastly Appendage        Tmut           ######       0%          1
 Corona                   Hex            #######      0%          1
 Foxfire                  Conj/Fire      ####         0%          1
 Freeze                   Ice            ####         0%          1
 Magic Dart               Conj           ####         0%          1
 Pain                     Necr           ####         0%          1
 Sandblast                Erth           ######       0%          1
 Shock                    Conj/Air       ####         0%          1
 Ensorcelled Hibernation  Hex/Ice        ######       0%          2
 Passwall                 Tmut/Erth      ########     0%          2
 Searing Ray              Conj           ######       0%          2
 Wereblood                Tmut           #######.     0%          2
 Conjure Flame            Conj/Fire      ########     0%          3
 Dazzling Flash           Conj/Hex       ######       0%          3
 Frozen Ramparts          Ice            ######       0%          3
 Ignite Poison            Fire/Tmut/Pois ########     0%          3
 Inner Flame              Hex/Fire       ########     0%          3
 Ozocubu's Armour         Ice            ########     0%          3
 Static Discharge         Conj/Air       ########     0%          3
 Vampiric Draining        Necr           ########..   0%          3
 Animate Dead             Necr           ########..   0%          4
 Dispel Undead            Necr           ########     0%          4
 Fulminant Prism          Conj/Hex       ########..   0%          4
 Hailstorm                Conj/Ice       ########     0%          4
 Leda's Liquefaction      Hex/Erth       ########..   0%          4
 Petrify                  Tmut/Erth      ########     0%          4
 Sticky Flame             Conj/Fire      ########     0%          4
 Bolt of Magma            Conj/Fire/Erth ########..   0%          5
 Borgnjor's Vile Clutch   Necr/Erth      ########..   0%          5
 Fireball                 Conj/Fire      ########..   0%          5
 Irradiate                Conj/Tmut      ########..   0%          5
 Iskenderun's Battlesphe  Conj           ########     0%          5
 Iron Shot                Conj/Erth      ########..   0%          6
 Starburst                Conj/Fire      ########..   0%          6
 Apportation              Tloc           ######       1%          1
 Sting                    Tmut/Pois      ####         1%          1
 Summon Small Mammal      Summ           ####         1%          1
 Blink                    Tloc           N/A          1%          2
 Call Imp                 Summ           ######..     1%          2
 Corpse Rot               Necr/Air       N/A          1%          2
 Poisonous Vapours        Pois/Air       ######       1%          2
 Slow                     Hex            #######.     1%          2
 Swiftness                Air            ######..     1%          2
 Call Canine Familiar     Summ           ######..     1%          3
 Confusing Touch          Hex            #######.     1%          3
 Gell's Gravitas          Tloc           ######....   1%          3
 Lesser Beckoning         Tloc           ######....   1%          3
 Mephitic Cloud           Conj/Pois/Air  #######.     1%          3
 Portal Projectile        Hex/Tloc       ######       1%          3
 Spider Form              Tmut/Pois      #######...   1%          3
 Summon Guardian Golem    Hex/Summ       ######..     1%          3
 Teleport Other           Tloc           ######..     1%          3
 Tukima's Dance           Hex            #######.     1%          3
 Airstrike                Air            ######....   1%          4
 Cause Fear               Hex            #######...   1%          4
 Ice Form                 Ice/Tmut       ########     1%          4
 Iskenderun's Mystic Bla  Conj/Tloc      ########     1%          4
 Summon Ice Beast         Ice/Summ       #######.     1%          4
 Agony                    Necr           ########     1%          5
 Alistair's Intoxication  Tmut/Pois      #######..    1%          5
 Blade Hands              Tmut           #######...   1%          5
 Excruciating Wounds      Necr           ########..   1%          5
 Lightning Bolt           Conj/Air       ########..   1%          5
 Metabolic Englaciation   Hex/Ice        ########..   1%          5
 Silence                  Hex/Air        ######....   1%          5
 Summon Mana Viper        Hex/Summ       ######..     1%          5
 Yara's Violent Unravell  Hex/Tmut       #######...   1%          5
 Conjure Ball Lightning   Conj/Air       ########..   1%          6
 Death Channel            Necr           ########..   1%          6
 Freezing Cloud           Conj/Ice/Air   ########..   1%          6
 Hydra Form               Tmut           #######...   1%          6
 Ozocubu's Refrigeration  Ice            ########..   1%          6
 Simulacrum               Ice/Necr       ########..   1%          6
 Passage of Golubria      Tloc           N/A          3%          4
 Summon Lightning Spire   Summ/Air       ######..     3%          4
 Eringya's Noxious Bog    Tmut/Pois      #######...   7%          6
 Summon Demon             Summ           ######....   10%         5
 Summon Forest            Summ/Tloc      ######....   10%         5
 Dispersal                Tloc           ######....   45%         6
 Shadow Creatures         Summ           N/A          45%         6
 Orb of Destruction       Conj           ########..   0%          7
 Spellforged Servitor     Conj/Summ      ########..   1%          7
 Dragon Form              Tmut           #######...   4%          7
 Borgnjor's Revivificati  Necr           ########..   4%          8
 Chain Lightning          Conj/Air       ########..   4%          8
 Infestation              Necr           ########..   4%          8
 Haunt                    Necr/Summ      #######...   13%         7
 Death's Door             Necr           ########..   58%         9
 Discord                  Hex            #######...   71%         8
 Malign Gateway           Summ/Tloc      ######....   96%         7
 Monstrous Menagerie      Summ           ######....   96%         7
 Summon Greater Demon     Summ           ######....   96%         7
 Summon Hydra             Summ           ######....   96%         7
 Disjunction              Tloc           ######....   100%        8
 Summon Horrible Things   Summ           ######....   100%        8
 Dragon's Call            Summ           ######....   100%        9
 Sublimation of Blood     Necr           Unusable     N/A         2
 Statue Form              Tmut/Erth      Unusable     N/A         6

Dungeon Overview and Level Annotations

Branches:
Dungeon (15/15)            Temple (1/1) D:4            Lair (6/6) D:8
  Swamp (4/4) Lair:2        Snake (4/4) Lair:3        Slime (5/5) Lair:5
    Orc (2/2) D:11            Elf (3/3) Orc:2        Vaults (5/5) D:14
  Crypt (3/3) Vaults:2       Tomb (0/3) Crypt:3      Depths (5/5) D:15
    Zot (0/5) Depths:5    Volcano (visited)

Altars:
Ashenzari
Cheibriados
Dithmenos
Elyvilon
Fedhas
Gozag
Hepliaklqana
Kikubaaqudgha
Makhleb
Nemelex Xobeh
Okawaru
Qazlal
Ru
Sif Muna
Trog
Uskayaw
Vehumet
Wu Jian
Xom
Yredelemnul
Zin
The Shining One
Beogh

Shops:
D:6 :*?   D:8 !(([[   Orc:2 :*([   Elf:3 =   Vaults:2 }   Vaults:4 }*:
Depths:3 }=}

Portals:
Hell: Depths:1 Depths:2 Depths:3 Depths:4 Depths:5
Abyss: Depths:1 Depths:2 Depths:4 Depths:5
Pandemonium: Depths:3
Trove: Vaults:1 (give 7 scrolls of blinking)

Annotations:
Elf:2 4 runed translucent doors, Conn's ghost, adept DEFE
Depths:4 exclusion: 2 doors


Innate Abilities, Weirdness & Mutations

You are resistant to torment.
Your stone body is resilient. (AC +20)
You are immune to poison.
Your large and strong wings let you fly indefinitely.
You resist negative energy. (rN+)
You are resistant to electric shocks. (rElec)
You can survive without breathing.
You are immune to petrification.
You are immune to rotting.
You are mostly covered in rugged brown scales. (AC +2, +5% HP)
You are partially covered in slimy green scales. (AC +2)
You possess an exceptional clarity of mind.
Your flesh is heat resistant. (rF+)
You are robust. (+10% HP)


Message History

Really attack near your fire vortices?
The dungeon rumbles!
The cacodemon is severely wounded.
You kill the Tzitzimitl!
Vehumet accepts your kill.
You feel your power returning.
You kill the monstrous corrupter!
Vehumet accepts your kill.
Your fire vortex dissipates! x2
The Brimstone Fiend is moderately wounded.
You kill the tormentor!
Vehumet accepts your kill.
You kill the reaper!
Vehumet accepts your kill.
The Brimstone Fiend is severely wounded.
You hear a roar!
A lorocyproca comes into view.
The Brimstone Fiend gestures at you.
The sphere of damnation explodes!
The damnation engulfs you!!
You die...

▓▓▓▓▓▓ ......▓▓▓▓ .........▓▓▓
...........▓▓▓ .............▓▓
..............▓
...............
.......@.........▓▓
......).○.°.......▓
................°..○....2..▓▓
.........6...2..............▓
.......1.2)........☼).......▓▓
........).[......☼...○○.=([!$▓
......1........°○.☼1..).}=:|=▓
.....1.......)..○1)v)○..)|[?)▓
.........66 2..).○.).)|)∩:▓


You could see 2 Brimstone Fiends, a cacodemon, a lorocyproca (invisible), an
infernal black sun and a friendly fire vortex.

Vanquished Creatures
  the Royal Jelly (Slime:5)
  2 ancient liches
  Mennas (Depths:4)
  22 juggernauts
  2 pandemonium lords
  Sojobo (Crypt:1)
  Bai Suzhen (Crypt:2)
  Saint Roka (Elf:2)
  Xtahua (Crypt:3)
  9 caustic shrikes
  7 golden dragons
  Nikola (Depths:1)
  A profane servitor (Zig:26)
  6 bone dragons
  4 iron giants (Zig:15)
  3 electric golems (Zig:17)
  7 Tzitzimimeh
  8 liches
  3 doom hounds (Zig:19)
  2 hellephants
  3 Ice Fiends
  13 Hell Sentinels
  Jorgrun (Snake:1)
  7 tentacled monstrosities
  11 titans
  A quicksilver dragon (Depths:4)
  3 deep elf blademasters
  Asterion (Snake:1)
  37 acid blobs
  3 deep elf master archers (Elf:3)
  Frances (D:13)
  4 Executioners
  8 sphinxes
  3 ancient champions
  12 storm dragons
  9 tentacled starspawn
  Kirke (D:15)
  Roxanne (D:15)
  2 shadow dragons (Depths:4)
  13 tengu reavers
  A thorn hunter (Swamp:4)
  9 draconian monks
  21 azure jellies
  29 nagarajas
  3 revenants
  5 blood saints
  14 fire giants
  11 deep elf sorcerers
  A fire giant (shapeshifter) (Depths:2)
  7 iron dragons
  5 cacodemons
  6 draconian scorchers
  7 warmongers
  5 draconian knights
  An angel (Zig:23)
  17 frost giants
  16 vault wardens
  Louise (Depths:5)
  A caustic shrike zombie (Zig:19)
  21 orc warlords
  5 balrugs
  3 ghouls
  Aizul (Snake:1)
  2 curse skulls
  15 ironheart preservers
  6 deep elf elementalists
  6 draconian shifters
  9 reapers
  5 draconian stormcallers
  A spriggan defender (Depths:4)
  6 draconian annihilators
  4 war gargoyles
  14 vampire knights
  30 very ugly things
  A juggernaut skeleton (Zig:19)
  2 entropy weavers
  2 green draconians
  38 stone giants
  4 black suns
  15 deep elf demonologists
  7 black draconians
  A lorocyproca (Zig:27)
  3 yellow draconians
  9 white draconians
  17 deep elf annihilators
  9 purple draconians
  7 corrupters
  12 spark wasps
  3 dire elephants
  5 red draconians
  An ettin (shapeshifter) (Zig:18)
  A spectral titan (Crypt:3)
  17 ettins
  3 merfolk javelineers
  10 deep elf death magi
  8 blizzard demons
  5 fire dragons
  A crystal guardian (Zig:15)
  6 green deaths
  9 jiangshi
  13 death oozes
  5 eidola
  A merfolk impaler (Zig:9)
  19 yaktaur captains
  32 vault guards
  21 great orbs of eyes
  6 deep elf high priests
  4 boulder beetles
  A hell beast (Zig:27)
  15 naga warriors
  17 ice dragons
  10 rakshasas
  A hydra (shapeshifter) (Depths:4)
  24 hydras
  A monstrous demonspawn (Zig:20)
  A ghost crab (Swamp:3)
  An anaconda (shapeshifter) (Vaults:5)
  A shambling mangrove (Swamp:4)
  Fannar (Lair:2)
  4 catoblepae
  9 death knights
  2 spriggan air magi (Zig:17)
  2 merfolk avatars
  The ghost of Fudan the Unseen, a journeyman OpFi of Gozag (Lair:2)
  3 merfolk aquamancers
  19 dancing weapons
  3 tengu warriors
  22 anacondas
  6 centaur warriors
  48 two-headed ogres
  An alligator snapping turtle (Zig:3)
  11 alligators
  13 deep troll shamans
  21 ogre magi
  7 deep troll earth magi
  5 death yaks
  20 orc high priests
  A spectral dire elephant (Crypt:3)
  An iron golem (Zig:15)
  23 naga sharpshooters
  9 thrashing horrors
  5 vampire magi
  A shock serpent (shapeshifter) (Depths:1)
  3 soul eaters
  11 deep elf knights
  A hell knight (Vaults:3)
  15 iron trolls
  A titan skeleton (Zig:13)
  22 shock serpents
  4 spriggan berserkers
  7 wretched stars
  2 sun demons
  Sonja (D:13)
  5 sixfirhies
  A sea snake (shapeshifter) (Zig:18)
  16 shadow wraiths
  A storm dragon zombie (Zig:13)
  6 glowing orange brains
  3 spatial maelstroms
  18 deep trolls
  2 sea snakes
  7 salamander mystics
  4 unseen horrors
  12 flayed ghosts
  27 skeletal warriors
  A deep troll (shapeshifter) (Zig:8)
  A glowing orange brain (shapeshifter) (Zig:18)
  4 spark wasp zombies
  A golden dragon zombie (Zig:19)
  7 shadow demons
  20 swamp dragons
  A gelid demonspawn (Zig:27)
  3 wizards
  A shadow dragon zombie (Crypt:2)
  3 spriggan druids (Swamp:3)
  8 naga ritualists
  6 obsidian statues
  3 golden dragon skeletons (Zig:19)
  9 lindwurms
  A tengu zombie (Zig:13)
  A spectral iron dragon (Crypt:3)
  A sphinx zombie (Zig:13)
  8 ironbrand convokers
  A mana viper (shapeshifter) (Zig:18)
  32 phantasmal warriors
  Pikel (D:4)
  23 deep elf archers
  14 orc knights
  7 orange crystal statues
  A harpy (shapeshifter) (Vaults:5)
  2 iron giant skeletons
  10 harpies
  A wolf spider zombie (Crypt:1)
  4 wolf spiders
  10 necromancers
  An orb spider (shapeshifter) (Vaults:3)
  18 mana vipers
  A fire giant zombie (Crypt:1)
  A manticore (shapeshifter) (Vaults:1)
  20 orc sorcerers
  A spectral ice dragon (Crypt:3)
  A shadow dragon skeleton (Crypt:2)
  9 shining eyes
  85 deep elf magi
  2 wolf spiders (shapeshifter)
  A frost giant zombie (Zig:13)
  8 salamanders
  9 cyclopes
  An iron dragon zombie (Zig:13)
  7 elephants
  2 stone giant zombies
  58 ugly things
  A worldbinder (Zig:26)
  5 manticores
  A tengu skeleton (Zig:19)
  39 large abominations
  A merfolk siren (Zig:4)
  2 stone giant skeletons
  58 black mambas
  6 eyes of devastation
  11 moths of wrath
  3 ice statues
  17 vault sentinels
  26 naga magi
  A frost giant skeleton (Crypt:1)
  A dire elephant zombie (Crypt:1)
  9 smoke demons
  6 torpor snails
  10 guardian serpents
  3 apocalypse crabs
  4 water nymphs
  A black mamba (shapeshifter) (Vaults:3)
  5 gargoyles
  4 orange demons
  3 torpor snails (shapeshifter)
  A cane toad (shapeshifter) (D:15)
  3 elf zombies
  4 rime drakes
  21 cane toads
  3 ice devils
  17 komodo dragons
  51 yaktaurs
  2 tengu conjurers (Depths:1)
  8 ancient zymes
  7 hellwings
  9 swamp worm zombies (Crypt:3)
  6 hellions
  4 efreet
  20 freezing wraiths
  A kobold demonologist (Zig:23)
  3 rime drakes (shapeshifter)
  A golden dragon simulacrum (Crypt:2)
  A yaktaur (shapeshifter) (Zig:26)
  6 tormentors
  2 red devils (Zig:27)
  A demonic crawler (Zig:23)
  A guardian mummy (Crypt:3)
  A hydra zombie (Crypt:1)
  A death drake zombie (Crypt:2)
  10 merfolk
  2 merfolk (shapeshifter)
  2 queen bees (shapeshifter)
  A silent spectre (Zig:26)
  2 trolls (shapeshifter)
  15 trolls
  2 raiju (shapeshifter)
  3 polar bears (shapeshifter)
  A jumping spider (shapeshifter) (Vaults:2)
  2 jumping spiders (Vaults:4)
  A jumping spider zombie (Crypt:2)
  3 polar bears
  9 tyrant leeches
  19 hornets
  177 slime creatures
  A hornet (shapeshifter) (Depths:2)
  Prince Ribbit (Lair:2)
  A boulder beetle zombie (Vaults:3)
  3 dream sheep (Lair:6)
  5 bog bodies
  15 raiju
  A slime creature (shapeshifter) (Zig:18)
  A stone giant simulacrum (Crypt:2)
  An iron dragon simulacrum (Crypt:2)
  A fire giant simulacrum (Vaults:2)
  41 blink frogs
  10 flying skulls
  Sigmund (D:5)
  A frost giant simulacrum (Vaults:3)
  A satyr zombie (Crypt:3)
  An ettin skeleton (Crypt:1)
  16 shadows
  9 air elementals
  7 ynoxinuls
  A centaur simulacrum (D:15)
  A vampire (Zig:23)
  A redback (Vaults:4)
  6 spriggans
  11 water elementals
  3 tarantellas (shapeshifter)
  A spectral black mamba (Crypt:3)
  2 yaks (shapeshifter)
  9 wyverns
  Eustachio (D:4)
  14 wraiths
  54 yaks
  A basilisk (shapeshifter) (Depths:5)
  5 basilisks
  2 fire bats (Volcano)
  2 fire elementals
  11 golden eyes
  5 hogs (D:15)
  19 humans (D:14)
  A golden eye (shapeshifter) (D:15)
  8 neqoxecs
  2 steam dragons
  5 chaos spawn
  8 insubstantial wisps
  9 vampire mosquitoes
  A deep troll zombie (Vaults:2)
  A gelid demonspawn zombie (Crypt:3)
  3 elf skeletons
  A soldier ant (D:9)
  12 wargs
  A cane toad zombie (Crypt:1)
  A two-headed ogre zombie (Crypt:3)
  13 swamp worms
  49 nagas
  A spectral snapping turtle (Crypt:3)
  An acid dragon (Vaults:2)
  A water moccasin (shapeshifter) (D:15)
  3 hell hounds
  2 human skeletons
  18 water moccasins
  A floating eye (shapeshifter) (Zig:18)
  2 floating eyes
  59 orc warriors
  13 swamp drakes
  4 ice beasts
  An ice beast (shapeshifter) (Vaults:2)
  8 eyes of draining
  4 phantoms
  5 black bears
  A blink frog zombie (Crypt:1)
  An orc zombie (Vaults:2)
  3 ettin simulacra (Depths:3)
  6 necrophages
  5 sky beasts
  20 centaurs
  63 ogres
  2 black bears (shapeshifter) (Depths:4)
  6 boggarts
  A cane toad skeleton (Crypt:1)
  18 wolves
  A swamp dragon skeleton (Crypt:1)
  13 small abominations
  3 big kobolds
  15 bullfrogs
  6 earth elementals
  A rime drake skeleton (Crypt:2)
  A water moccasin zombie (D:9)
  A wyvern zombie (D:12)
  2 scorpions
  19 killer bees
  A troll zombie (Crypt:1)
  A spriggan zombie (Crypt:2)
  A warg skeleton (Crypt:1)
  24 wights
  An electric eel (Snake:1)
  A troll skeleton (Crypt:3)
  4 howler monkeys
  A basilisk zombie (Crypt:3)
  2 bullfrog zombies
  6 jellies
  4 quasits
  60 starcursed masses
  6 centaur zombies
  6 hounds
  19 orc priests
  4 centaur skeletons
  2 bullfrog skeletons
  18 orc wizards
  Crazy Yiuf (D:4)
  Ijyb (D:5)
  6 iguanas
  A statue (D:7)
  8 worker ants
  A killer bee zombie (D:10)
  An ogre zombie (Crypt:1)
  A dwarf skeleton (Crypt:1)
  A hound zombie (D:5)
  12 mummies (Crypt:3)
  A killer bee simulacrum (D:9)
  A howler monkey zombie (D:6)
  3 worker ant zombies (D:5)
  8 gnolls
  12 adders
  7 shadow imps
  8 white imps
  4 ufetubi
  2 oozes
  2 adder zombies
  3 adder skeletons
  An iguana skeleton (Crypt:2)
  A lava snake skeleton (Crypt:3)
  3 worms
  A barachi zombie (Crypt:1)
  2 dart slugs (D:1)
  9 leopard geckos
  90 orcs
  4 giant cockroaches
  8 hobgoblins
  12 jackals
  4 quokkas
  2 ball pythons
  8 bats
  7 frilled lizards
  8 goblins
  23 kobolds
  8 rats
  2 crawling corpses (Vaults:4)
  46 fire vortices
  7 starspawn tentacles
3514 creatures vanquished.

Vanquished Creatures (collateral kills)
  Mara (Snake:4)
  An acid blob (Zig:24)
  An anaconda (Snake:1)
  3 death yaks (Lair:4)
  2 slime creatures
  A golden eye (Zig:24)
9 creatures vanquished.

Vanquished Creatures (others)
  A deep elf knight (Elf:2)
  A naga ritualist (Zig:6)
  A deep elf archer (Vaults:5)
  A wraith (Crypt:1)
  2 water elementals
  A human (D:15)
  A naga (Zig:6)
  An orc warrior (Zig:22)
  58 fire vortices
  36 fungi
  57 plants
  6 starspawn tentacles
  2 withered plants (Elf:2)
168 creatures vanquished.

Grand Total: 3691 creatures vanquished

Notes
Turn   | Place    | Note
-------+----------+-------------------------------------------
     0 | D:1      | Pyrtan the Gargoyle Earth Elementalist began the quest for
                  | the Orb.
     0 | D:1      | Reached XP level 1. HP: 10/10 MP: 3/3
   132 | D:1      | Reached XP level 2. HP: 10/15 MP: 0/5
   722 | D:1      | Reached XP level 3. HP: 19/19 MP: 6/6
   727 | D:1      | Learned a level 3 spell: Stone Arrow
  1481 | D:2      | Found a broken altar of Ashenzari.
  1839 | D:2      | Reached skill level 1 in Conjurations
  2314 | D:2      | Reached XP level 4. HP: 24/24 MP: 8/8
  2702 | D:3      | Found a stormy altar of Qazlal.
  2897 | D:3      | Found a shimmering altar of Xom.
  3466 | D:4      | Found a staircase to the Ecumenical Temple.
  3475 | Temple   | Entered the Ecumenical Temple
  3644 | D:4      | Reached skill level 5 in Earth Magic
  3644 | D:4      | Reached XP level 5. HP: 13/28 MP: 7/10
  3647 | D:4      | Noticed Eustachio
  3651 | D:4      | Got a glimmering buckler
  3657 | D:4      | Identified the +0 buckler "Quzobbol" {rElec rN+} (You found
                  | it on level 4 of the Dungeon)
  3857 | D:4      | Killed Eustachio
  3857 | D:4      | Reached XP level 6. HP: 32/32 MP: 3/11
  3981 | D:4      | Noticed a phantom
  3988 | D:4      | Killed a phantom
  4062 | D:4      | Found a bloodstained altar of Trog.
  4064 | D:4      | Noticed Pikel
  4094 | D:4      | Killed Pikel
  4094 | D:4      | Reached skill level 5 in Spellcasting
  4094 | D:4      | Reached XP level 7. HP: 14/36 MP: 1/14
  4345 | D:4      | Reached XP level 8. HP: 39/41 MP: 15/15
  4790 | D:3      | Reached skill level 5 in Conjurations
  5029 | D:4      | Found an iron altar of Okawaru.
  5078 | D:4      | Found a runed translucent door.
  5079 | D:4      | Noticed Crazy Yiuf
  5084 | D:4      | Killed Crazy Yiuf
  5136 | D:5      | Entered Level 5 of the Dungeon
  5138 | D:5      | Reached skill level 1 in Armour
  5139 | D:5      | Reached skill level 1 in Fighting
  5232 | D:5      | Learned a level 5 spell: Lee's Rapid Deconstruction
  5287 | D:5      | Found a sparkling altar of Nemelex Xobeh.
  5421 | D:5      | Reached skill level 1 in Maces & Flails
  5423 | D:5      | Reached skill level 1 in Evocations
  5543 | D:5      | Found a glowing golden altar of the Shining One.
  5647 | D:5      | Noticed Ijyb
  5654 | D:5      | Killed Ijyb
  5870 | D:5      | Noticed Sigmund
  5890 | D:5      | Killed Sigmund
  6175 | D:5      | Reached skill level 2 in Fighting
  6633 | D:5      | Reached XP level 9. HP: 48/48 MP: 6/17
  6830 | D:6      | Found Nam Wyn's Magic Scroll Emporium.
  6859 | D:6      | Bought a scroll of identify for 24 gold pieces
  6859 | D:6      | Bought a scroll of blinking for 90 gold pieces
  6859 | D:6      | Bought a scroll of identify for 24 gold pieces
  6859 | D:6      | Bought a scroll of identify for 24 gold pieces
  6907 | D:6      | Found a snail-covered altar of Cheibriados.
  6914 | D:6      | Found a glowing silver altar of Zin.
  6914 | D:6      | Found a sacrificial altar of Ru.
  6919 | D:6      | Found a bloodstained altar of Trog.
  7153 | D:6      | Found Yral's Book Shop.
  7450 | D:6      | Found Jyrebeuz's Assorted Antiques.
  7477 | D:6      | Bought a grey potion for 26 gold pieces
  7477 | D:6      | Bought a scroll labeled ZIEQ VOHOYT for 29 gold pieces
  7477 | D:6      | Bought a grey potion for 26 gold pieces
  8171 | D:7      | Reached skill level 3 in Fighting
  8625 | D:7      | Found a radiant altar of Vehumet.
  8633 | D:7      | Became a worshipper of Vehumet
  8887 | D:7      | Found a white marble altar of Elyvilon.
  9303 | D:8      | Reached XP level 10. HP: 56/56 MP: 16/19
  9413 | D:8      | Found Maloman's Armour Shoppe.
  9422 | D:8      | Found Tadghis's Armour Shop.
  9528 | D:8      | Found Cecwouki's Weapon Shop.
  9636 | D:8      | Found Xypsoacw's Weapon Shoppe.
  9651 | D:8      | Found Afyim's Distillery.
  9873 | D:8      | Reached skill level 4 in Fighting
 10223 | D:8      | Reached * piety under Vehumet
 10223 | D:8      | Offered knowledge of Foxfire by Vehumet.
 10424 | D:8      | Reached skill level 5 in Armour
 10511 | D:8      | Found a staircase to the Lair.
 10751 | D:9      | Offered knowledge of Searing Ray by Vehumet.
 10876 | D:9      | Reached ** piety under Vehumet
 10890 | D:9      | Reached skill level 5 in Fighting
 11254 | D:9      | Reached XP level 11. HP: 61/63 MP: 16/21
 11612 | D:9      | Found a shadowy altar of Dithmenos.
 11776 | D:10     | Entered Level 10 of the Dungeon
 12310 | D:10     | Offered knowledge of Dazzling Flash by Vehumet.
 12444 | D:10     | Gained mutation: You tend to lose your temper in combat.
                  | [potion of mutation]
 12444 | D:10     | Gained mutation: You are clumsy. (Dex -2) [potion of
                  | mutation]
 12444 | D:10     | Gained mutation: Your mind is acute. (Int +2) [potion of
                  | mutation]
 12655 | D:10     | Reached *** piety under Vehumet
 12897 | D:10     | Offered knowledge of Hailstorm by Vehumet.
 12923 | D:10     | Lost mutation: You are clumsy. (Dex -2) [potion of
                  | mutation]
 12923 | D:10     | Gained mutation: You have a pair of small horns on your
                  | head. [potion of mutation]
 12923 | D:10     | Gained mutation: Your flesh is cold resistant. (rC+)
                  | [potion of mutation]
 12998 | D:10     | Noticed a two-headed ogre
 13002 | D:10     | Killed a two-headed ogre
 13002 | D:10     | Reached skill level 5 in Dodging
 13321 | D:6      | Bought a scroll of acquirement for 624 gold pieces
 13321 | D:6      | Acquired 851 gold pieces
 13455 | D:11     | Noticed a two-headed ogre
 13460 | D:11     | Killed a two-headed ogre
 13460 | D:11     | Reached skill level 6 in Fighting
 13460 | D:11     | Reached skill level 5 in Evocations
 13513 | D:11     | Reached skill level 10 in Earth Magic
 13522 | D:11     | Found a roughly hewn altar of Beogh.
 13522 | D:11     | Found a staircase to the Orcish Mines.
 13524 | D:11     | Noticed a manticore
 13529 | D:11     | Killed a manticore
 14028 | D:11     | Reached **** piety under Vehumet
 14139 | D:11     | Offered knowledge of Lightning Bolt by Vehumet.
 14465 | D:11     | Found a sparkling altar of Nemelex Xobeh.
 15250 | D:12     | Reached XP level 12. HP: 71/71 MP: 19/23
 15883 | D:13     | Reached skill level 7 in Fighting
 15908 | D:13     | Noticed Sonja
 15917 | D:13     | Killed Sonja
 15978 | D:13     | Noticed a centaur warrior
 16308 | D:13     | Killed a centaur warrior
 16506 | D:13     | Noticed Frances
 16610 | D:13     | Noticed a two-headed ogre
 16619 | D:13     | Killed a two-headed ogre
 17189 | D:14     | Identified the Tome of Battle Magic and Weightlessness
 17497 | D:14     | Reached ***** piety under Vehumet
 17615 | D:14     | Offered knowledge of Starburst by Vehumet.
 17635 | D:14     | Noticed a rakshasa
 17656 | D:14     | Killed a rakshasa
 17656 | D:14     | Reached skill level 8 in Fighting
 18219 | D:14     | Noticed a boulder beetle
 18240 | D:14     | Noticed a seven-headed hydra
 18240 | D:14     | a boulder beetle changed into a seven-headed hydra
 18245 | D:14     | Killed a seven-headed hydra
 18245 | D:14     | Reached XP level 13. HP: 36/79 MP: 25/25
 18707 | D:14     | Reached skill level 10 in Conjurations
 18861 | D:14     | Noticed a vault guard
 18871 | D:14     | Noticed a vault guard
 18874 | D:14     | Killed a vault guard
 18874 | D:14     | Reached skill level 9 in Fighting
 19185 | D:14     | Killed a vault guard
 19441 | D:14     | Found a gate to the Vaults.
 19619 | D:8      | Bought the +8 lance "Wyrmbane" {slay drac, rPois rF+ rC+
                  | AC+3} for 1212 gold pieces
 19619 | D:8      | Found the +8 lance "Wyrmbane" {slay drac, rPois rF+ rC+
                  | AC+3}
 19700 | Lair:1   | Entered Level 1 of the Lair of Beasts
 20188 | Lair:1   | Reached skill level 1 in Polearms
 20267 | Lair:1   | You fall into a shaft and drop 1 floor!
 20270 | Lair:2   | Noticed Prince Ribbit
 20396 | Lair:2   | Learned a level 6 spell: Starburst
 20652 | Lair:2   | Killed Prince Ribbit
 20720 | Lair:2   | Lost mutation: Your mind is acute. (Int +2) [potion of
                  | mutation]
 20720 | Lair:2   | Lost mutation: Your flesh is cold resistant. (rC+) [potion
                  | of mutation]
 20720 | Lair:2   | Gained mutation: Potions are less effective at restoring
                  | your health. [potion of mutation]
 20720 | Lair:2   | Gained mutation: You are partially covered in rugged brown
                  | scales. (AC +1, +3% HP) [potion of mutation]
 20720 | Lair:2   | Gained mutation: Your muscles are strong. (Str +2) [potion
                  | of mutation]
 20720 | Lair:2   | Gained mutation: You have an increased reservoir of magic.
                  | (+10% MP) [potion of mutation]
 20764 | Lair:2   | Reached skill level 1 in Fire Magic
 20898 | Lair:2   | Found a staircase to the Swamp.
 21354 | Lair:2   | Noticed Fannar
 21359 | Lair:2   | Killed Fannar
 21405 | Lair:2   | Lost mutation: Your muscles are strong. (Str +2) [potion of
                  | mutation]
 21405 | Lair:2   | Gained mutation: You often lose your temper in combat.
                  | [potion of mutation]
 21405 | Lair:2   | Gained mutation: You have an uncontrollable temper. [potion
                  | of mutation]
 21405 | Lair:2   | Gained mutation: Your large and strong wings let you fly
                  | indefinitely. [potion of mutation]
 21475 | Lair:1   | Offered knowledge of Fireball by Vehumet.
 21482 | Lair:1   | Learned a level 5 spell: Fireball
 22117 | Lair:2   | Found a runed translucent door.
 22117 | Lair:2   | Noticed Fudan's ghost (journeyman OpFi)
 22128 | Lair:2   | Killed Fudan's ghost
 22128 | Lair:2   | Mutation became permanent: Your large and strong wings let
                  | you fly indefinitely. [Gargoyle growth]
 22128 | Lair:2   | Gained mutation: Your large and strong wings let you fly
                  | indefinitely. [Gargoyle growth]
 22128 | Lair:2   | Reached XP level 14. HP: 89/89 MP: 14/30
 23130 | Lair:3   | Found a staircase to the Snake Pit.
 23282 | Lair:3   | Reached skill level 10 in Fighting
 23677 | D:8      | Bought a potion of mutation for 112 gold pieces
 23677 | D:8      | Bought a potion of heal wounds for 70 gold pieces
 23677 | D:8      | Bought a potion of heal wounds for 70 gold pieces
 23677 | D:8      | Lost mutation: You are partially covered in rugged brown
                  | scales. (AC +1, +3% HP) [potion of mutation]
 23677 | D:8      | Lost mutation: Potions are less effective at restoring your
                  | health. [potion of mutation]
 23677 | D:8      | Gained mutation: Scrolls take you a little longer to read.
                  | [potion of mutation]
 23677 | D:8      | Lost mutation: You have an increased reservoir of magic.
                  | (+10% MP) [potion of mutation]
 23677 | D:8      | Lost mutation: You have an uncontrollable temper. [potion
                  | of mutation]
 24382 | Lair:4   | Reached skill level 10 in Spellcasting
 24460 | Lair:4   | Reached skill level 5 in Fire Magic
 25075 | Lair:5   | Found a dark tunnel.
 25079 | Volcano  | Entered a volcano
 25737 | Lair:5   | Offered knowledge of Bolt of Magma by Vehumet.
 25744 | Lair:5   | Learned a level 5 spell: Bolt of Magma
 26407 | Lair:5   | Found a staircase to the Slime Pits.
 26518 | Lair:6   | Entered Level 6 of the Lair of Beasts
 26679 | Lair:6   | Found a runed translucent door.
 26844 | Lair:6   | Reached XP level 15. HP: 93/93 MP: 4/29
 27365 | Lair:6   | Got a brightly glowing rapier
 27368 | Lair:6   | Identified the +7 rapier "Feneavai" {chaos, *Corrode rF+
                  | Dex+2} (You found it on level 6 of the Lair of Beasts)
 27823 | Lair:6   | Offered knowledge of Iskenderun's Battlesphere by Vehumet.
 28003 | Lair:6   | Reached skill level 5 in Polearms
 28951 | Orc:1    | Entered Level 1 of the Orcish Mines
 28980 | Orc:1    | Reached skill level 11 in Fighting
 29229 | D:6      | Bought a book of the Earth for 650 gold pieces
 29236 | D:6      | Learned a level 6 spell: Iron Shot
 29729 | Orc:2    | Entered Level 2 of the Orcish Mines
 30229 | Orc:2    | Paralysed by an orc sorcerer for 7 turns
 30529 | Orc:2    | Noticed an orc warlord
 30530 | Orc:2    | Found Devvexep's Antique Weapon Shoppe.
 30570 | Orc:1    | Paralysed by an orc sorcerer for 6 turns
 30579 | Orc:1    | HP: 3/94 [orc warlord/+0 battleaxe (36)]
 30587 | Orc:1    | Killed an orc warlord
 30785 | Orc:2    | Found Doycko Yvuh's Antique Armour Boutique.
 30982 | Orc:2    | Offered knowledge of Irradiate by Vehumet.
 31041 | Orc:2    | Found Ypedem's General Store.
 31065 | Orc:2    | Found a staircase to the Elven Halls.
 31076 | Orc:2    | Found Faythu's Book Shop.
 31536 | D:15     | Entered Level 15 of the Dungeon
 31619 | D:15     | Reached XP level 16. HP: 100/100 MP: 18/30
 32058 | D:15     | Noticed Kirke
 32084 | D:15     | Killed Kirke
 32155 | D:15     | Found a radiant altar of Vehumet.
 32226 | D:15     | Noticed Roxanne
 32238 | D:15     | Killed Roxanne
 32571 | D:15     | Found a sparkling altar of Nemelex Xobeh.
 32796 | D:15     | Offered knowledge of Freezing Cloud by Vehumet.
 32802 | D:15     | Found a staircase to the Depths.
 33296 | Snake:1  | Entered Level 1 of the Snake Pit
 33442 | Snake:1  | Noticed Aizul
 33460 | Snake:1  | Killed Aizul
 33462 | Snake:1  | Noticed Asterion
 33635 | Snake:1  | Noticed an Executioner
 33641 | Snake:1  | Killed Asterion
 33641 | Snake:1  | Reached skill level 10 in Fire Magic
 33722 | Snake:1  | Noticed Jorgrun
 33733 | Snake:1  | Killed Jorgrun
 34192 | Snake:1  | Reached skill level 12 in Fighting
 34377 | Snake:1  | Reached XP level 17. HP: 106/106 MP: 32/32
 36112 | Snake:2  | Reached skill level 10 in Dodging
 36777 | Snake:3  | Offered knowledge of Chain Lightning by Vehumet.
 37703 | Snake:4  | Entered Level 4 of the Snake Pit
 37822 | Swamp:1  | Entered Level 1 of the Swamp
 38474 | Swamp:1  | Reached skill level 15 in Earth Magic
 39307 | Swamp:2  | Reached XP level 18. HP: 113/113 MP: 20/33
 39415 | Swamp:2  | Reached ****** piety under Vehumet
 41275 | Swamp:4  | Entered Level 4 of the Swamp
 41336 | Swamp:4  | Offered knowledge of Fire Storm by Vehumet.
 41336 | Swamp:4  | Offered knowledge of Ignition by Vehumet.
 41336 | Swamp:4  | Offered knowledge of Absolute Zero by Vehumet.
 41783 | Swamp:4  | Reached skill level 13 in Fighting
 42320 | Swamp:4  | Got a decaying rune of Zot
 42984 | Elf:1    | Entered Level 1 of the Elven Halls
 43098 | Elf:1    | Noticed an Ice Fiend
 43245 | Elf:1    | Identified the Tome of the Entourage
 43481 | Elf:1    | Found a huge runed gate.
 43491 | Elf:1    | Learned a level 8 spell: Ignition
 43498 | Elf:1    | Found a huge runed gate.
 43509 | Elf:1    | Found a huge runed gate.
 43510 | Elf:1    | Found a huge runed gate.
 43510 | Elf:1    | Found a huge runed gate.
 43510 | Elf:1    | Found a huge runed gate.
 43525 | Elf:1    | Found a huge runed gate.
 43525 | Elf:1    | Found a huge runed gate.
 43526 | Elf:1    | Found a huge runed gate.
 43527 | Elf:1    | Found a huge runed gate.
 43527 | Elf:1    | Found a huge runed gate.
 43528 | Elf:1    | Found a huge runed gate.
 43529 | Elf:1    | Found a huge runed gate.
 43530 | Elf:1    | Found a huge runed gate.
 43606 | Elf:1    | Found a huge runed gate.
 43606 | Elf:1    | Found a huge runed gate.
 43606 | Elf:1    | Found a huge runed gate.
 43606 | Elf:1    | Found a huge runed gate.
 43606 | Elf:1    | Found a huge runed gate.
 43606 | Elf:1    | Found a huge runed gate.
 43611 | Elf:1    | Found a huge runed gate.
 43612 | Elf:1    | Found a huge runed gate.
 43776 | Elf:1    | Found a huge runed gate.
 43777 | Elf:1    | Found a huge runed gate.
 43778 | Elf:1    | Found a huge runed gate.
 43783 | Elf:1    | Noticed a deep elf blademaster
 43783 | Elf:1    | Noticed a deep elf blademaster
 43785 | Elf:1    | Reached XP level 19. HP: 104/119 MP: 33/35
 43878 | Elf:2    | Found a radiant altar of Vehumet.
 43981 | Elf:2    | Reached skill level 15 in Fire Magic
 44233 | Elf:2    | Noticed Saint Roka
 44233 | Elf:2    | Paralysed by an orc sorcerer for 2 turns
 44256 | Elf:2    | Killed Saint Roka
 44703 | Elf:2    | Found a runed translucent gate.
 44703 | Elf:2    | Found a runed translucent gate.
 44704 | Elf:2    | Found a runed translucent gate.
 44878 | Elf:2    | Found a runed translucent door.
 44879 | Elf:2    | Noticed Conn's ghost (adept DEFE)
 44897 | Elf:3    | Entered Level 3 of the Elven Halls
 45016 | Elf:3    | Found Katubraw's Jewellery Emporium.
 45516 | Elf:3    | Identified the ring "Getarawn" {+Fly rF++ Str-3 Int+2}
 45520 | Elf:3    | Noticed an Ice Fiend
 45564 | Elf:3    | HP: 4/119 [deep elf annihilator/iron shot (39)]
 45565 | Elf:3    | Noticed a Hell Sentinel
 46059 | Elf:3    | Identified the ring of Gynoul {Ice *Corrode +Blink rPois
                  | Str+2}
 46236 | Elf:3    | Reached XP level 20. HP: 92/124 MP: 29/36
 46324 | Elf:3    | Identified the ring "Xebitaoc" {+Blink rElec rPois Int-4
                  | SInv}
 46329 | Elf:3    | Identified the ring "Gakoh" {rC+ rN+ MR++}
 46501 | Elf:3    | Noticed a Brimstone Fiend
 46501 | Elf:3    | Cast into level 2 of the Abyss (a deep elf demonologist)
 46501 | Abyss:2  | Found a corrupted altar of Lugonu.
 46758 | Abyss:2  | Paralysed by accursed screaming for 1 turns
 46771 | Elf:3    | Escaped the Abyss
 46966 | Elf:3    | Lost mutation: You often lose your temper in combat.
                  | [potion of mutation]
 46966 | Elf:3    | Lost mutation: You have a pair of small horns on your head.
                  | [potion of mutation]
 46966 | Elf:3    | Lost mutation: Scrolls take you a little longer to read.
                  | [potion of mutation]
 46966 | Elf:3    | Gained mutation: Your spells are a little harder to cast,
                  | but a little more powerful. [potion of mutation]
 46966 | Elf:3    | Gained mutation: You are partially covered in rugged brown
                  | scales. (AC +1, +3% HP) [potion of mutation]
 46974 | Elf:3    | Got a faintly glowing diamond amulet
 46975 | Elf:3    | Identified the amulet "Marekhuexai" {Inacc +Fly Int+5
                  | Stlth+} (You found it on level 3 of the Elven Halls)
 47075 | Elf:3    | Found the +9 heavy crossbow "Sniper" {vorpal, Acc+∞ SInv}
 47075 | Elf:3    | Found the +8 longbow "Zephyr" {speed, Dex+3 SInv}
 47119 | Elf:3    | Identified the Tome of Confrontation
 48301 | Snake:4  | Noticed Mara
 48309 | Snake:4  | Paralysed by a naga for 5 turns
 48651 | Snake:4  | Noticed Pyrtan's illusion
 49707 | Snake:4  | Noticed Pyrtan's illusion
 49712 | Snake:4  | Killed Mara
 50432 | Snake:4  | Reached XP level 21. HP: 88/134 MP: 18/37
 50900 | Snake:4  | Got a serpentine rune of Zot
 51573 | Vaults:1 | Entered Level 1 of the Vaults
 51608 | Vaults:1 | Reached skill level 14 in Fighting
 51750 | Vaults:1 | Found a portal to a secret trove of treasure.
 52741 | Vaults:1 | Lost mutation: Your spells are a little harder to cast, but
                  | a little more powerful. [potion of mutation]
 52741 | Vaults:1 | Lost mutation: You tend to lose your temper in combat.
                  | [potion of mutation]
 52741 | Vaults:1 | Gained mutation: You are covered in fur. (AC +1) [potion of
                  | mutation]
 52741 | Vaults:1 | Gained mutation: You are somewhat resistant to further
                  | mutation. [potion of mutation]
 52741 | Vaults:1 | Gained mutation: You have sharp toenails. [potion of
                  | mutation]
 53508 | Vaults:2 | Reached skill level 10 in Polearms
 53514 | Vaults:2 | Identified Kikubaaqudgha's Collected Works on Unholy
                  | Rituals
 53523 | Vaults:2 | Learned a level 5 spell: Borgnjor's Vile Clutch
 53875 | Vaults:2 | Found Jethes's Gadget Boutique.
 54136 | Vaults:2 | Reached skill level 15 in Conjurations
 54416 | Vaults:2 | Reached XP level 22. HP: 95/142 MP: 4/39
 54484 | Vaults:2 | Found a staircase to the Crypt.
 57005 | Vaults:4 | Found Posyitoe's Gadget Emporium.
 57033 | Vaults:4 | Found a flickering gateway to a bazaar.
 57039 | Bazaar   | Entered a bazaar
 57039 | Bazaar   | Found Lacrarou's Weapon Emporium.
 57039 | Bazaar   | Found Guicuuc's Distillery.
 57039 | Bazaar   | Found Ryquipan's Gadget Emporium.
 57041 | Bazaar   | Found Kopeocs's Distillery.
 57052 | Bazaar   | Bought a potion of curing for 27 gold pieces
 57052 | Bazaar   | Bought a potion of curing for 27 gold pieces
 57052 | Bazaar   | Bought a potion of heal wounds for 45 gold pieces
 57052 | Bazaar   | Bought a potion of curing for 27 gold pieces
 57052 | Bazaar   | Bought a potion of curing for 27 gold pieces
 57058 | Bazaar   | Bought 2 potions of curing for 84 gold pieces
 57058 | Bazaar   | Bought a potion of curing for 42 gold pieces
 57058 | Bazaar   | Bought 2 potions of heal wounds for 140 gold pieces
 57058 | Bazaar   | Bought a potion of heal wounds for 70 gold pieces
 57058 | Bazaar   | Bought a potion of haste for 140 gold pieces
 57058 | Bazaar   | Bought a potion of curing for 42 gold pieces
 57058 | Bazaar   | Bought a potion of heal wounds for 70 gold pieces
 57058 | Bazaar   | Bought a potion of mutation for 112 gold pieces
 57064 | Bazaar   | Bought a potion of invisibility for 72 gold pieces
 57064 | Bazaar   | Bought a potion of brilliance for 36 gold pieces
 57064 | Bazaar   | Bought a potion of brilliance for 36 gold pieces
 57064 | Bazaar   | Bought a potion of brilliance for 36 gold pieces
 57373 | Vaults:4 | Found Satu's Book Shop.
 58011 | Vaults:4 | Found Yzuunoes's Assorted Antiques.
 58027 | Vaults:4 | Bought a scroll of blinking for 307 gold pieces
 58235 | Vaults:5 | Entered Level 5 of the Vaults
 58236 | Vaults:5 | Reached XP level 23. HP: 148/148 MP: 34/40
 58237 | Vaults:5 | Reached skill level 15 in Fighting
 58243 | Vaults:5 | Noticed an ancient lich
 58759 | Vaults:4 | Killed an ancient lich
 58853 | Vaults:5 | Identified the +5 ring mail of Beyond {rC- Regen+ Dex+8}
 58856 | Vaults:5 | Paralysed by an ogre mage for 5 turns
 58869 | Vaults:5 | Noticed a golden dragon
 59053 | Vaults:4 | Killed a golden dragon
 59262 | Vaults:5 | Noticed a golden dragon
 59274 | Vaults:5 | Killed a golden dragon
 59274 | Vaults:5 | Reached XP level 24. HP: 82/155 MP: 25/41
 59545 | Vaults:5 | Identified the +8 spear "Widowermaker" {vorpal, SInv}
 59545 | Vaults:5 | Identified the ring "Jenitsom" {+Blink EV+4}
 59791 | Vaults:5 | Got a silver rune of Zot
 59855 | Vaults:5 | Got a bound golden ring
 59856 | Vaults:5 | Identified the ring "Luamn" {rF+ rCorr Str+2 Dex+4} (You
                  | found it on level 5 of the Vaults)
 59896 | Vaults:5 | Identified the Catalogue of Supportive Black Magic
 59904 | Vaults:5 | Identified the +1 robe of the Salamander {rF- Str+4 Stlth+}
                  | (You found it on level 5 of the Vaults)
 59920 | Vaults:5 | Got a scintillating tin ring
 59921 | Vaults:5 | Identified the ring of Pugaw {*Tele rC+} (You found it on
                  | level 5 of the Vaults)
 60627 | Vaults:5 | Upgraded the game from 0.26-a0-682-g294304f6e8 to
                  | 0.26-a0-683-g5206c1d7ac
 60945 | Depths:1 | Entered Level 1 of the Depths
 61020 | Depths:1 | Identified the +2 leather armour of the Arcane {Int+4
                  | Slay+3} (You found it on level 1 of the Depths)
 61071 | Depths:1 | Found a gateway to Hell.
 61313 | Depths:1 | Noticed Nikola
 61323 | Depths:1 | Killed Nikola
 61801 | Depths:1 | Reached skill level 10 in Evocations
 62064 | Depths:1 | Identified the amulet of the Gastropod {Acrobat Int+7 SInv}
 62165 | Depths:1 | Learned a level 9 spell: Shatter
 62608 | Depths:1 | Found a one-way gate to the infinite horrors of the Abyss.
 63211 | Crypt:1  | Entered Level 1 of the Crypt
 63640 | Crypt:1  | Reached skill level 16 in Fighting
 63679 | Crypt:1  | Noticed Sojobo
 64058 | Crypt:1  | Reached XP level 25. HP: 157/161 MP: 40/41
 64733 | Crypt:1  | Killed Sojobo
 65838 | Crypt:2  | Acquired a manual of Fighting
 66187 | Crypt:2  | Noticed Bai Suzhen
 66203 | Crypt:2  | Killed Bai Suzhen
 67304 | Crypt:3  | Entered Level 3 of the Crypt
 68260 | Crypt:3  | Found a staircase to the Tomb.
 68412 | Crypt:3  | Noticed Xtahua
 68419 | Crypt:3  | Killed Xtahua
 68619 | Crypt:3  | Reached skill level 15 in Spellcasting
 68745 | Crypt:3  | Found a basalt altar of Yredelemnul.
 68774 | Crypt:3  | Reached skill level 17 in Fighting
 69479 | Crypt:3  | Got a heavily runed iron amulet
 69479 | Crypt:3  | Got a glittering copper ring
 69480 | Crypt:3  | Identified the amulet "Diape" {Regen+ Int+4 Stlth+} (You
                  | found it on level 3 of the Crypt)
 69481 | Crypt:3  | Identified the ring "Coannisoa" {+Fly rN+} (You found it on
                  | level 3 of the Crypt)
 69551 | Crypt:3  | Identified the Guide on Necromancy
 69600 | Crypt:3  | Learned a level 9 spell: Fire Storm
 70101 | Depths:2 | Reached XP level 26. HP: 168/172 MP: 36/42
 70255 | Depths:2 | Found a gateway to a ziggurat.
 71697 | Depths:3 | Found Igelex's Gadget Emporium.
 71697 | Depths:3 | Found Jasch's Jewellery Boutique.
 71698 | Depths:3 | Found Woupiq's Gadget Emporium.
 72017 | Depths:3 | Found a one-way gate leading to the halls of Pandemonium.
 72387 | Depths:3 | Reached skill level 18 in Fighting
 73358 | Depths:4 | Found an opulent altar of Gozag.
 73359 | Depths:4 | Found a sacrificial altar of Ru.
 73359 | Depths:4 | Found a shimmering altar of Xom.
 73748 | Depths:4 | Noticed a juggernaut
 73757 | Depths:4 | Killed a juggernaut
 74202 | Depths:4 | Noticed a juggernaut
 74212 | Depths:4 | Killed a juggernaut
 74621 | Depths:4 | Reached XP level 27. HP: 162/180 MP: 16/42
 74996 | Depths:4 | Reached skill level 19 in Fighting
 75342 | Depths:5 | Entered Level 5 of the Depths
 75423 | Depths:5 | Noticed Louise
 75429 | Depths:5 | Killed Louise
 75431 | Depths:5 | Noticed a juggernaut
 75435 | Depths:5 | Noticed Mennas
 75440 | Depths:4 | Killed a juggernaut
 75540 | Depths:4 | Killed Mennas
 76132 | Depths:5 | Found a gate to the Realm of Zot.
 76163 | Depths:5 | Noticed a juggernaut
 76454 | Depths:5 | Reached skill level 20 in Fighting
 76701 | Depths:5 | Killed a juggernaut
 77530 | D:13     | Killed Frances
 77971 | Slime:1  | Entered Level 1 of the Pits of Slime
 78016 | Slime:3  | Reached skill level 15 in Dodging
 78036 | Slime:4  | Gained mutation: Armour fits poorly on your strangely
                  | shaped body. [a shining eye]
 78085 | Slime:3  | Gained mutation: You are mostly covered in rugged brown
                  | scales. (AC +2, +5% HP) [a shining eye]
 78092 | Slime:3  | Gained mutation: You do not regenerate when monsters are
                  | visible. [a shining eye]
 78311 | Slime:5  | Entered Level 5 of the Pits of Slime
 78362 | Slime:5  | Noticed the Royal Jelly
 78366 | Slime:5  | Killed the Royal Jelly
 78648 | Slime:5  | Identified the Compendium of Warped Flames
 78661 | Slime:5  | Identified the Volume of Mutagenic Malediction
 78743 | Slime:5  | Identified Sif Muna's Reference Book on Moulding and
                  | Summoning
 78756 | Slime:5  | Identified the +0 helmet of Insurance {*Drain Int+10 Slay+6
                  | Stlth-} (You found it on level 5 of the Pits of Slime)
 78775 | Slime:5  | Got a slimy rune of Zot
 78821 | Slime:5  | Identified Sif Muna's Guide on Creative Weightlessness
 78846 | Slime:5  | Identified the Incunabulum of Aerial Unholy Arts
 78919 | Lair:5   | Lost mutation: You are somewhat resistant to further
                  | mutation. [potion of mutation]
 78919 | Lair:5   | Lost mutation: You do not regenerate when monsters are
                  | visible. [potion of mutation]
 78919 | Lair:5   | Lost mutation: Armour fits poorly on your strangely shaped
                  | body. [potion of mutation]
 78919 | Lair:5   | Gained mutation: Your flesh is cold resistant. (rC+)
                  | [potion of mutation]
 78919 | Lair:5   | Lost mutation: You are covered in fur. (AC +1) [potion of
                  | mutation]
 78919 | Lair:5   | Gained mutation: Your spells are a little harder to cast,
                  | but a little more powerful. [potion of mutation]
 78954 | Lair:5   | Learned a level 9 spell: Absolute Zero
 79449 | Zig:1    | Entered Level 1 of a ziggurat
 79474 | Zig:2    | Entered Level 2 of a ziggurat
 79546 | Zig:3    | Entered Level 3 of a ziggurat
 79547 | Zig:3    | Reached skill level 1 in Ice Magic
 79548 | Zig:3    | Reached skill level 1 in Necromancy
 79566 | Zig:4    | Entered Level 4 of a ziggurat
 79585 | Zig:4    | Identified the +0 cloak of Gluttony {Rampage +Fly rElec MR+
                  | Int-3} (You found it on level 4 of a ziggurat)
 79588 | Zig:5    | Entered Level 5 of a ziggurat
 79612 | Zig:5    | Got a fine golden ring
 79621 | Zig:5    | Identified the ring "Siesaz" {Dex+6 Slay+6} (You found it
                  | on level 5 of a ziggurat)
 79627 | Zig:6    | Entered Level 6 of a ziggurat
 79697 | Zig:6    | Got a brightly glowing tin ring
 79698 | Zig:6    | Identified the ring "Bahadi" {rN+ Str+6 Int-2 Dex+3} (You
                  | found it on level 6 of a ziggurat)
 79708 | Zig:7    | Entered Level 7 of a ziggurat
 79716 | Zig:7    | Found the +10 tower shield of Ignorance {rN+ Int-4}
 79757 | Zig:7    | Identified the Papyrus of the Dark Mountains
 79769 | Zig:8    | Entered Level 8 of a ziggurat
 79823 | Zig:8    | Identified the Grimoire of the Mountains and the Volcanoes
 79840 | Zig:9    | Entered Level 9 of a ziggurat
 79852 | Zig:9    | Reached skill level 21 in Fighting
 79933 | Zig:10   | Entered Level 10 of a ziggurat
 79978 | Zig:10   | Got a coiled glass ring
 79979 | Zig:10   | Identified the ring of Trepidation {rF+ rN+} (You found it
                  | on level 10 of a ziggurat)
 79990 | Zig:11   | Entered Level 11 of a ziggurat
 80028 | Zig:11   | Identified the Compendium of the Volcanoes and the Escort
 80054 | Zig:12   | Entered Level 12 of a ziggurat
 80067 | Zig:12   | Reached skill level 5 in Ice Magic
 80067 | Zig:12   | Noticed an ancient lich
 80069 | Zig:12   | Killed an ancient lich
 80102 | Zig:12   | Identified the Handbook of Poisoning and Moulding
 80113 | Zig:12   | Acquired a book of Annihilations
 80135 | Zig:12   | Learned a level 8 spell: Lehudib's Crystal Spear
 80142 | Zig:12   | Learned a level 6 spell: Invisibility
 80144 | Zig:13   | Entered Level 13 of a ziggurat
 80158 | Zig:13   | Reached skill level 1 in Hexes
 80342 | Zig:14   | Entered Level 14 of a ziggurat
 80357 | Zig:14   | Reached skill level 5 in Necromancy
 80509 | Zig:15   | Entered Level 15 of a ziggurat
 80529 | Zig:15   | Reached skill level 5 in Hexes
 80542 | Zig:15   | Found the amulet of Vitality {Regen+ HP+15}
 80567 | Zig:15   | Got a smoking bronze ring
 80568 | Zig:15   | Identified the ring of the Lonely Brambles {rPois rF+ Str+6
                  | Dex+5} (You found it on level 15 of a ziggurat)
 80573 | Zig:16   | Entered Level 16 of a ziggurat
 80642 | Zig:17   | Entered Level 17 of a ziggurat
 80847 | Zig:17   | Found the +8 demon blade "Leech" {vamp, *Rage +Rage rN+}
 80850 | Zig:17   | Found the +12 Vampire's Tooth {vamp}
 80889 | Zig:17   | Identified the Papyrus of Dislocated Creation
 80909 | Zig:17   | Learned a level 8 spell: Necromutation
 80916 | Zig:18   | Entered Level 18 of a ziggurat
 80936 | Zig:18   | Reached skill level 1 in Transmutations
 80942 | Zig:18   | Reached skill level 22 in Fighting
 80945 | Zig:18   | Found the ring of Robustness {AC+8}
 80997 | Zig:18   | Got a coiled lapis lazuli ring
 80998 | Zig:18   | Identified the ring of Piong {rC+ Str+3 Int+6} (You found
                  | it on level 18 of a ziggurat)
 81006 | Zig:18   | Got a warped brass ring
 81007 | Zig:18   | Identified the ring of Fuczub {rF+ rN+} (You found it on
                  | level 18 of a ziggurat)
 81020 | Zig:19   | Entered Level 19 of a ziggurat
 81330 | Zig:20   | Entered Level 20 of a ziggurat
 81348 | Zig:20   | Gained mutation: Potions are less effective at restoring
                  | your health. [a cacodemon]
 81349 | Zig:20   | Noticed Doraant the pandemonium lord
 81356 | Zig:20   | Killed Doraant the pandemonium lord
 81358 | Zig:20   | Reached skill level 10 in Ice Magic
 81358 | Zig:20   | Reached skill level 5 in Transmutations
 81358 | Zig:20   | Gained mutation: Scrolls take you a little longer to read.
                  | [a cacodemon]
 81601 | Zig:20   | Identified the cursed +0 leather armour of Gallantry
                  | {rCorr} (You found it on level 20 of a ziggurat)
 81605 | Zig:20   | Got a twitching ivory ring
 81608 | Zig:20   | Identified the ring of Holaiprimm {rElec AC+4 Str+2 Dex+3}
                  | (You found it on level 20 of a ziggurat)
 81609 | Zig:20   | Identified Nefu's Guide on Attacks
 81658 | Zig:21   | Entered Level 21 of a ziggurat
 81693 | Zig:21   | Reached skill level 10 in Necromancy
 81820 | Zig:21   | Found the +2 ratskin cloak {*Rats rPois rN+ Str-1 Int-1
                  | Dex+1}
 81867 | Zig:21   | Identified the +1 robe of Compassion {rElec MR- Str+2
                  | Slay+2} (You found it on level 21 of a ziggurat)
 81875 | Zig:22   | Entered Level 22 of a ziggurat
 81890 | Zig:22   | Noticed a juggernaut
 81893 | Zig:22   | Noticed a juggernaut
 81893 | Zig:22   | Noticed a juggernaut
 81894 | Zig:22   | Killed a juggernaut
 81894 | Zig:22   | Noticed a juggernaut
 81895 | Zig:22   | Killed a juggernaut
 81895 | Zig:22   | Killed a juggernaut
 81895 | Zig:22   | Noticed a juggernaut
 81896 | Zig:22   | Killed a juggernaut
 81897 | Zig:22   | Noticed a juggernaut
 81900 | Zig:22   | Killed a juggernaut
 81900 | Zig:22   | Noticed a juggernaut
 81901 | Zig:22   | Killed a juggernaut
 81901 | Zig:22   | Noticed a juggernaut
 81902 | Zig:22   | Killed a juggernaut
 81903 | Zig:22   | Killed a juggernaut
 81903 | Zig:22   | Reached skill level 23 in Fighting
 82083 | Zig:22   | Identified Sif Muna's Papyrus of the Mutagenic Snowflakes
 82096 | Zig:22   | Got a scintillating turquoise ring
 82099 | Zig:22   | Identified the ring of Xiacorat {Fire *Contam Str+8 Int+3
                  | SInv} (You found it on level 22 of a ziggurat)
 82100 | Zig:22   | Identified Uziass's Handbook of the Entourage
 82105 | Zig:22   | Identified the +2 buckler of the Dozen Deaths {Harm} (You
                  | found it on level 22 of a ziggurat)
 82109 | Zig:23   | Entered Level 23 of a ziggurat
 82140 | Zig:23   | Gained mutation: Your magical capacity is low. (-10% MP) [a
                  | neqoxec]
 82153 | Zig:23   | Found the +5 robe of Misfortune {*Contam Harm *Corrode
                  | *Drain *Slow EV+5}
 82665 | Zig:23   | Identified Berghudy's Collected Works on Air and the
                  | Traveller
 82675 | Zig:23   | Identified the +1 helmet "Olysidgh" {Str+5} (You found it
                  | on level 23 of a ziggurat)
 82700 | Zig:24   | Entered Level 24 of a ziggurat
 82814 | Zig:24   | Found the +6 arbalest "Damnation" {damnation}
 82939 | Zig:24   | Identified Wonwa's Tome of the Mountains and Conjuration
 82971 | Zig:24   | Got a smoking golden amulet
 82974 | Zig:24   | Identified the amulet of the Prince {Faith Int+4} (You
                  | found it on level 24 of a ziggurat)
 82983 | Zig:24   | Got a fine glass ring
 82986 | Zig:24   | Identified the ring "Oshahac" {Wiz MR+ Int+2 Dex+7} (You
                  | found it on level 24 of a ziggurat)
 82991 | Zig:24   | Got a brightly glowing bone ring
 82994 | Zig:24   | Identified the ring of Bovia {Ice MP-9 Slay+5} (You found
                  | it on level 24 of a ziggurat)
 83008 | Zig:25   | Entered Level 25 of a ziggurat
 83022 | Zig:25   | Noticed a juggernaut
 83024 | Zig:25   | Noticed a juggernaut
 83026 | Zig:25   | Noticed a juggernaut
 83027 | Zig:25   | Killed a juggernaut
 83027 | Zig:25   | Reached skill level 24 in Fighting
 83027 | Zig:25   | Noticed a juggernaut
 83028 | Zig:25   | Killed a juggernaut
 83028 | Zig:25   | Noticed a juggernaut
 83029 | Zig:25   | Noticed a juggernaut
 83029 | Zig:25   | Noticed a juggernaut
 83030 | Zig:25   | Killed a juggernaut
 83030 | Zig:25   | Killed a juggernaut
 83031 | Zig:25   | Killed a juggernaut
 83031 | Zig:25   | Killed a juggernaut
 83032 | Zig:25   | Noticed a juggernaut
 83032 | Zig:25   | Noticed a juggernaut
 83033 | Zig:25   | Killed a juggernaut
 83033 | Zig:25   | Noticed a juggernaut
 83034 | Zig:25   | Killed a juggernaut
 83036 | Zig:25   | Killed a juggernaut
 83036 | Zig:25   | Reached skill level 10 in Transmutations
 83037 | Zig:25   | Killed a juggernaut
 83053 | Zig:25   | Found the ring of Shadows {Umbra +Inv Stlth+}
 83081 | Zig:25   | Identified Sif Muna's Volume of Floating Translocation
 83088 | Zig:25   | Identified the amulet "Hemos" {rF+ Regen+} (You found it on
                  | level 25 of a ziggurat)
 83103 | Zig:25   | Reached skill level 25 in Fighting
 83105 | Zig:25   | Identified Dadwywni's Volume of Flying Curses
 83153 | Zig:26   | Entered Level 26 of a ziggurat
 83184 | Zig:26   | Reached skill level 15 in Necromancy
 83508 | Zig:26   | Lost mutation: Your spells are a little harder to cast, but
                  | a little more powerful. [potion of mutation]
 83508 | Zig:26   | Lost mutation: You have sharp toenails. [potion of
                  | mutation]
 83508 | Zig:26   | Lost mutation: Your magical capacity is low. (-10% MP)
                  | [potion of mutation]
 83508 | Zig:26   | Lost mutation: Scrolls take you a little longer to read.
                  | [potion of mutation]
 83508 | Zig:26   | Gained mutation: Your flesh is heat resistant. (rF+)
                  | [potion of mutation]
 83508 | Zig:26   | Gained mutation: Scrolls take you a little longer to read.
                  | [potion of mutation]
 83508 | Zig:26   | Gained mutation: You are partially covered in slimy green
                  | scales. (AC +2) [potion of mutation]
 83509 | Zig:26   | Lost mutation: Scrolls take you a little longer to read.
                  | [potion of mutation]
 83509 | Zig:26   | Lost mutation: Your flesh is cold resistant. (rC+) [potion
                  | of mutation]
 83509 | Zig:26   | Lost mutation: Potions are less effective at restoring your
                  | health. [potion of mutation]
 83509 | Zig:26   | Gained mutation: You possess an exceptional clarity of
                  | mind. [potion of mutation]
 83509 | Zig:26   | Gained mutation: You are robust. (+10% HP) [potion of
                  | mutation]
 83566 | Zig:27   | Entered Level 27 of a ziggurat
 83598 | Zig:27   | Found the +8 mithril axe "Arga" {speed, MR+}
 83598 | Zig:27   | Noticed Fahel the pandemonium lord
 83604 | Zig:27   | Killed Fahel the pandemonium lord
 83607 | Zig:27   | Killed from afar by a Brimstone Fiend

Illustrated notes

Levels and vault maps discovered:
D:1:      tarquinn_simple_flora_water_b, layout_basic, st_stairs_8,
          minmay_misc_feat_room
D:2:      layout_loops_ring, nicolae_ashenzari_panopticon
D:3:      layout_basic, marbit_many_paths, lemuel_crystal_altar
D:4:      layout_basic, kennysheep_little_box, minmay_temple_entry_large_hall,
          bloody_trog, uniq_eustachio, uniq_pikel, uniq_crazy_yiuf_cottage
D:5:      minmay_chambers_of_fours, layout_cave_pods,
          nemelex_xobeh_ov_fountains_minmay, kennysheep_mini_moat, uniq_ijyb,
          uniq_sigmund
D:6:      layout_cave_pools, cheibriados_altar_1,
          nicolae_overflow_hidden_temple, serial_shops,
          nicolae_shop_statue_plus, shop_coins, shop
D:7:      layout_basic, elyvilon_altar_3, vehumet_statue
D:8:      layout_rooms, erik_lair_dragon, serial_shops, nicolae_shop_waterfront,
          nicolae_shop_stone, shop, nicolae_shop_behind_doors, shop,
          amethyst_killhole, minmay_misc_feat_diagonals
D:9:      layout_big_octagon, lemuel_doored_altar, serial_ice, serial_ice_b,
          serial_ice_g, serial_ice_e, serial_ice_l
D:10:     layout_roguey
D:11:     layout_roguey, david_orc_5, basic_altar
D:12:     layout_gridville
D:13:     layout_rooms, uniq_sonja, uniq_frances
D:14:     layout_basic, grunt_vaults_entry_tiered, serial_bayou_shore_b
D:15:     gammafunk_enter_depths_forms, layout_basic, lemuel_altar_in_water,
          minmay_ruined_shrine, uniq_roxanne, uniq_kirke
Temple:   nicolae_temple_figure_zero
Lair:1:   layout_gridlike, infiniplex_staircase_pool
Lair:2:   layout_long_grid, minmay_swamp_entry_swarm, gammafunk_ghost_grave,
          grunt_megastairs_1, serial_bayou_shore_a, uniq_prince_ribbit2,
          uniq_fannar
Lair:3:   layout_hall_layers, guppyfry_snake_entry_island
Lair:4:   layout_cave_pods
Lair:5:   layout_regular_city, minmay_slime_entry_pillars, enter_volcano_1,
          grunt_megastairs_5
Lair:6:   hangedman_lair_in_review, layout_regular_city, wormcave,
          small_statue_intersection
Swamp:1:  layout_basic_swamp, evilmike_swamp_ruin_house_3, swamp_pool2
Swamp:2:  layout_basic_swamp, hangedman_swamp_blocks
Swamp:3:  cheibrodos_swamp_heart_of_darkness, layout_basic_swamp,
          serial_swamp_ruin, evilmike_swamp_ruin_house_1,
          hangedman_swamp_ruin_wall, evilmike_swamp_ruin_house_2
Swamp:4:  swamp_alternative, layout_basic_swamp, swamp_pool3
Snake:1:  nicolae_snake_nest, layout_grid_maze, special_room,
          guppyfry_snake_island, uniq_jorgrun, uniq_asterion, uniq_aizul
Snake:2:  layout_layer_cave
Snake:3:  layout_grid_shapes
Snake:4:  snake_pit_salamanders_mu, layout_gridlike, uniq_mara
Slime:1:  layout_caves
Slime:2:  layout_caves
Slime:3:  layout_caves
Slime:4:  layout_caves, cheibrodos_slime_lost_civilization_7
Slime:5
Orc:1:    layout_diamond_mine
Orc:2:    grunt_orc_gardens, layout_caves, grunt_orc_garden, grunt_orc_garden,
          grunt_orc_garden, grunt_orc_garden
Elf:1:    minmay_elf_arrival_circle, layout_geoelf_octagon,
          minmay_elf_demonology, door_vault
Elf:2:    layout_geoelf_octagon, gammafunk_ghost_grave, basic_altar,
          uniq_saint_roka
Elf:3:    minmay_elf_hall_hex, layout_geoelf_grid, serial_shops, shop
Vaults:1: v_pattern_2, grunt_vaults_hallway_long, v_misc_23,
          ontoclasm_vaults_spin, vaults_dpeg_hooks, vaults_room_door_hall,
          v_misc_16, layout_vaults_omnigrid, enter_trove_1
Vaults:2: ontoclasm_vaults_tryst, hangedman_vaults_locks,
          vaults_room_large_hall, nicolae_vaults_alarming,
          nicolae_vaults_statue_guard, minmay_crypt_entry_simple_sparse,
          v_rooms_1, vaults_mumra_lcd, nicolae_vaults_back_hallway,
          ontoclasm_vaults_decontamination, nicolae_vaults_shelves_hall,
          layout_vaults_omnicross, serial_shops, shop
Vaults:3: hangedman_vaults_river_flow, v_misc_27, v_misc_4,
          ontoclasm_vaults_gateway, vaults_room_fancy_cross,
          vaults_room_hallway, vaults_standard_mumra_lines,
          nicolae_vaults_little_squares_5, v_misc_16, vaults_dpeg_diagonal,
          st_lines, layout_vaults_big_room
Vaults:4: vaults_room_door_ring, nicolae_vaults_network_periphery, v_pattern_4,
          v_misc_23, v_misc_29, v_rooms_3, nicolae_vaults_sealed_display,
          vaults_room_stairs_pillars, nicolae_vaults_network_barrier,
          nicolae_vaults_display_case, ontoclasm_vaults_loading_screen,
          layout_vaults_maze, serial_shops, bzr_entry_safe, shop, shop_statue,
          nicolae_shop_crystal
Vaults:5: serial_shops
Crypt:1:  layout_regular_city, grunt_megastairs_3, uniq_sojobo
Crypt:2:  layout_regular_city, serial_co_window_serial, co_window_corner_a,
          co_window_paths_a, co_window_of_opportunity_a, co_window_paths_a,
          co_window_corner_a, co_window_broadway_a, co_window_of_opportunity_b,
          co_window_2corner, co_window_2corner, co_window_corner_b,
          co_window_4corner_a, glass_columns_a, glass_columns_a,
          glass_columns_a, glass_columns_a, uniq_bai_suzhen
Crypt:3:  church_of_pain_bobbens, layout_chaotic_city,
          nicolae_tomb_entry_unfolded_pyramid_diagonal, minivault_25,
          grunt_ministairs_1, lemuel_dead_fish_pool, minivault_19, minivault_11,
          uniq_xtahua
Depths:1: minmay_the_grid_3x2 [minmay_the_grid_rooms, minmay_the_grid_fan,
          minmay_the_grid_pillar_ring, minmay_the_grid_outer_circle,
          minmay_the_grid_minigrid_medium, minmay_the_grid_prize_inner_circle],
          layout_basic, serial_bayou_shore_b, hell_entry, abyss_entry_crystal,
          minivault_14, kennysheep_generic_room_16, uniq_nikola
Depths:2: minmay_shoctagon, layout_basic, ziggurat_fallback, nicolae_wwwww,
          minmay_room_of_horrors, hell_entry, serial_curves, eino_curves_01,
          eino_curves_03, kennysheep_windowed_goal
Depths:3: hangedman_elemental_death_ray, layout_basic, hell_entry, pan_entry,
          hangedman_abyss_or_decor_lesser_grid, minmay_staircase_windowed_large,
          minmay_shop_grove, serial_bayou_shore_b
Depths:4: hangedman_slaughterboxes, abyss_entry, hell_entry, serial_shops
Depths:5: grunt_crosshair, layout_small_grid, chequers_big_river,
          nicolae_abyss_entry_one_way_or_another, hell_entry, uniq_mennas
Zig:27

Skill      XL: |  1  2  3  4  5  6  7  8  9 10 11 12 13 14 15 16 17 18 19 20 21 22 23 24 25 26 27 |
---------------+----------------------------------------------------------------------------------+-----
Earth Magic    | 4 5 7 8 9 10 11 12 13 14 15 16 17 18 20 21 22 | 22.6
Conjurations   | 1 2 3 4 5 6 7 8 9 10 11 12 13 14 15 16 17 18 23 | 23.6
Spellcasting   | 3 5 6 7 8 9 10 11 12 13 14 15 22 | 22.9
Armour         | 2 4 5 6 |  6.0
Fighting       | 2 3 5 6 8 9 10 11 12 13 14 15 16 17 18 25 | 25.9
Maces & Flails | 2 3 |  3.6
Dodging        | 2 3 4 5 6 7 8 9 10 11 12 13 14 15 | 15.3
Evocations     | 1 3 4 5 6 7 8 9 10 | 10.0
Polearms       | 2 4 5 6 7 8 9 10 11 12 | 12.0
Fire Magic     | 3 6 8 10 11 13 17 18 19 20 21 22 | 22.0
Ice Magic      | 14 | 14.8
Necromancy     | 15 | 15.0
Hexes          | 7 |  7.3
Transmutations | 10 | 10.0
Stealth        | |  2.1

Action                   |  1- 3 |  4- 6 |  7- 9 | 10-12 | 13-15 | 16-18 | 19-21 | 22-24 | 25-27 || total
-------------------------+-------+-------+-------+-------+-------+-------+-------+-------+-------++-------
Melee: Unarmed           |    13 |       |       |       |       |       |       |       |       ||    13
       Dagger            |   140 |     5 |       |   259 |       |       |       |       |       ||   404
       Rapier            |       |    75 |   167 |       |       |       |       |       |       ||   242
       Falchion          |       |       |   167 |    33 |       |       |       |       |       ||   200
       Short sword       |       |       |       |   216 |    20 |       |       |       |       ||   236
       Headbutt          |       |       |       |    35 |   153 |   147 |    34 |       |       ||   369
       Lance             |       |       |       |       |  1071 |  1127 |   677 |   601 |  1674 ||  5150
       Kick              |       |       |       |       |       |       |    20 |   122 |       ||   142
Throw: Boomerang         |     4 |       |       |       |       |       |       |       |       ||     4
       Stone             |       |       |       |       |       |     1 |       |       |       ||     1
 Cast: Sandblast         |    30 |    23 |    69 |   156 |    25 |    13 |    10 |     9 |       ||   335
       Stone Arrow       |       |     2 |    23 |    50 |    84 |       |     1 |       |       ||   160
       Lee's Rapid Decon |       |       |     4 |    49 |    96 |    89 |    42 |    30 |    16 ||   326
       Starburst         |       |       |       |       |    34 |    44 |     3 |     1 |       ||    82
       Fireball          |       |       |       |       |     7 |    54 |     4 |       |       ||    65
       Iron Shot         |       |       |       |       |    19 |   172 |   195 |   214 |   185 ||   785
       Bolt of Magma     |       |       |       |       |     7 |    13 |       |       |       ||    20
       Ignition          |       |       |       |       |       |       |    84 |    75 |   104 ||   263
       Shatter           |       |       |       |       |       |       |       |     6 |   185 ||   191
       Borgnjor's Vile C |       |       |       |       |       |       |       |       |     3 ||     3
       Fire Storm        |       |       |       |       |       |       |       |       |    36 ||    36
       Lehudib's Crystal |       |       |       |       |       |       |       |       |     9 ||     9
       Invisibility      |       |       |       |       |       |       |       |       |     1 ||     1
 Abil: Fly               |       |       |       |       |     1 |       |       |       |       ||     1
Evoke: Wand              |       |       |     4 |    10 |     8 |     1 |     5 |       |       ||    28
       Box of beasts     |       |       |       |       |     3 |       |     2 |       |       ||     5
       Condenser vane    |       |       |       |       |       |       |     2 |     3 |     2 ||     7
       Tin of tremorston |       |       |       |       |       |       |     2 |     4 |     4 ||    10
  Use: Potion            |       |     5 |     1 |     2 |    10 |     5 |    14 |    10 |    26 ||    73
       Scroll            |       |       |    18 |     9 |    20 |     7 |     9 |    12 |    42 ||   117
 Stab: Sleeping          |     5 |     4 |     3 |     3 |     4 |     5 |     2 |     3 |     1 ||    30
       Distracted        |       |       |       |     1 |     1 |     1 |       |     1 |     1 ||     5
Armor: Robe              |    52 |    38 |   204 |   376 |   121 |       |       |       |       ||   791
       Troll leather arm |       |       |       |       |   589 |   662 |   449 |   317 |       ||  2017
       Leather armour    |       |       |       |       |       |       |       |    92 |   566 ||   658
       Skin              |       |       |       |       |       |       |       |       |     1 ||     1
Dodge: Dodged            |    96 |    63 |   330 |   478 |  1002 |   713 |   434 |   442 |  1074 ||  4632
Block: Buckler           |       |     1 |       |       |       |       |       |       |       ||     1
       Rpst.: Falchion   |       |       |    48 |     7 |       |       |       |       |       ||    55

Table legend: (Time is in decaauts)
 A = Elapsed time spent in this place.
 B = Non-inter-level travel time spent in this place.
 C = Inter-level travel time spent in this place.
 D = Time resting spent in this place.
 E = Time spent auto-exploring this place.
 F = Levels seen in this place.
 G = Mean time per level.
                   A        B        C        D        E       F      G
               +--------+--------+--------+--------+--------+-----+--------+
         Total |  82718 |  74807 |   7911 |  17015 |  40371 |  83 |  996.6 |
       Dungeon |  24309 |  20165 |   4144 |   4212 |  11750 |  15 | 1620.6 |
        Temple |    288 |    278 |     10 |    159 |    107 |   1 |  288.0 |
          Lair |   9373 |   8416 |    957 |   1274 |   5120 |   6 | 1562.2 |
         Swamp |   4757 |   4420 |    337 |    746 |   2452 |   4 | 1189.2 |
     Snake Pit |   7725 |   6947 |    778 |   1484 |   4032 |   4 | 1931.2 |
    Slime Pits |    896 |    855 |     41 |    410 |      0 |   5 |  179.2 |
  Orcish Mines |   2303 |   2077 |    226 |    587 |   1007 |   2 | 1151.5 |
   Elven Halls |   3990 |   3797 |    193 |   1327 |   1456 |   3 | 1330.0 |
        Vaults |   9381 |   8642 |    739 |   2122 |   4895 |   5 | 1876.2 |
         Crypt |   5896 |   5764 |    132 |   1306 |   3422 |   3 | 1965.3 |
        Depths |   9087 |   8738 |    349 |   1392 |   5884 |   5 | 1817.4 |
         Abyss |    258 |    258 |      0 |     26 |     14 |   1 |  258.0 |
      Ziggurat |   4038 |   4038 |      0 |   1872 |    157 |  27 |  149.6 |
        Bazaar |     28 |     28 |      0 |      0 |     12 |   1 |   28.0 |
       Volcano |    384 |    384 |      0 |     96 |     63 |   1 |  384.0 |
               +--------+--------+--------+--------+--------+-----+--------+

Top non-repeatable levels by time:
 Snake:4: 3041 daAuts
    D:14: 2941 daAuts
Depths:4: 2892 daAuts
     D:8: 2763 daAuts
  Lair:2: 2235 daAuts
  Lair:6: 2174 daAuts
Vaults:2: 2136 daAuts
Vaults:4: 2082 daAuts
 Crypt:3: 2081 daAuts
 Crypt:2: 2071 daAuts
    D:15: 2070 daAuts
   Elf:3: 1958 daAuts
Depths:1: 1949 daAuts
    D:12: 1910 daAuts
 Snake:2: 1889 daAuts
